 Dungeon Crawl Stone Soup version 0.24-a0-475-g5b41c6f198 (webtiles) character file.

Game seed: 4895579860113413083

20 vurker the Thaumaturge (level 2, 0/20 HPs)
             Began as a Gnoll Wanderer on July 5, 2019.
             Slain by a jackal (2 damage)
             ... on level 1 of the Dungeon.
             The game lasted 00:01:17 (370 turns).

vurker the Thaumaturge (Gnoll Wanderer)              Turns: 370, Time: 00:01:18

Health: 0/20       AC:  2    Str: 14    XL:     2   Next: 79%
Magic:  4/12       EV: 11    Int: 15    God:
Gold:   12         SH:  0    Dex: 13    Spells: 18/19 levels left

rFire    . . .     SeeInvis .   f - +0 dagger
rCold    . . .     Gourm    .   (no shield)
rNeg     . . .     Faith    .   d - +0 robe
rPois    .         Spirit   .   (no helmet)
rElec    .         Reflect  .   (no cloak)
rCorr    .         Harm     .   (no gloves)
MR       .....                  (no boots)
Stlth    ++........             (no amulet)
HPRegen  0.06/turn              (no ring)
MPRegen  0.13/turn              (no ring)

@: very slightly contaminated
A: distributed training, fangs 1, strong nose
a: no special abilities


You were on level 1 of the Dungeon.
You were not hungry.

You visited 1 branch of the dungeon, and saw 1 of its levels.

You collected 12 gold pieces.

Inventory:

Hand Weapons
 f - a +0 dagger (weapon)
   (You found it on level 1 of the Dungeon)
Armour
 d - a +0 robe (worn)
Scrolls
 a - a scroll of identify {unknown}
 h - a scroll of magic mapping {unknown}
Potions
 b - a potion of lignification {!q}
 c - 3 potions of curing {@q1}
Comestibles
 e - a ration {!d}
 g - 6 chunks of flesh


   Skills:
 + Level 0.5 Fighting
 + Level 0.5 Short Blades
 + Level 0.5 Long Blades
 + Level 0.5 Axes
 + Level 0.5 Maces & Flails
 + Level 0.5 Polearms
 + Level 0.5 Staves
 + Level 0.5 Slings
 + Level 0.5 Bows
 + Level 0.5 Crossbows
 + Level 0.5 Throwing
 + Level 0.5 Armour
 + Level 0.5 Dodging
 + Level 2.3 Stealth
 + Level 0.5 Shields
 + Level 0.5 Unarmed Combat
 + Level 9.2 Spellcasting
 + Level 0.3 Conjurations
 + Level 0.3 Hexes
 + Level 0.3 Charms
 + Level 0.3 Summonings
 + Level 0.3 Necromancy
 + Level 3.7 Translocations
 + Level 0.3 Transmutations
 + Level 0.3 Fire Magic
 + Level 0.3 Ice Magic
 + Level 3.7 Air Magic
 + Level 0.3 Earth Magic
 + Level 0.3 Poison Magic
 + Level 0.6 Invocations
 + Level 2.5 Evocations


You had 18 spell levels left.
You knew the following spells:

 Your Spells              Type           Power        Failure   Level  Hunger
a - Magic Dart            Conj           #...         9%          1    None

Your spell library contained the following spells:

 Spells                   Type           Power        Failure   Level  Hunger
 Blink                    Tloc           N/A          3%          2    None
 Call Imp                 Summ           #.......     14%         2    None
 Slow                     Hex            #.......     14%         2    None
 Mephitic Cloud           Conj/Pois/Air  ##......     17%         3    #......
 Conjure Flame            Conj/Fire      #.......     26%         3    #......


Dungeon Overview and Level Annotations

Branches:
Dungeon (1/15)

Altars:


Innate Abilities, Weirdness & Mutations

Your experience applies equally to all skills.
You have very sharp teeth.
Your uncanny sense of smell can sniff out nearby items.


Message History

You kill the goblin!
The jackal closely misses you. The jackal barely misses you.
Aim: a jackal The magic dart hits the jackal.
A jackal comes into view.
A rat comes into view.
The jackal barks!
You hit the jackal.
You hear a bark! x2; You hear a shout!
The jackal closely misses you. The jackal barely misses you. x2
You closely miss the jackal.
The jackal bites you but does no damage.
The jackal misses you.
You barely miss the jackal. The jackal barely misses you. The jackal bites you.
A goblin comes into view. It is wielding a +0 dagger.
The jackal bites you.
A dart slug comes into view.
The jackal bites you.
You see here a goblin corpse.
The jackal bites you.
You hit the dart slug. The jackal closely misses you.
You hit the dart slug. The jackal barely misses you.
The dart slug launches a dart at you. The slug dart misses you.
You hit the dart slug. The jackal barely misses you.
The dart slug launches a dart at you. The slug dart hits you.
* * * LOW HITPOINT WARNING * * *
The jackal bites you.
* * * LOW HITPOINT WARNING * * *
Aim: a jackal (severely wounded)
The magic dart hits the jackal but does no damage.
The jackal barely misses you. The dart slug launches a dart at you.
The slug dart misses you.
Aim: a jackal (severely wounded)
The magic dart hits the jackal.
You kill the jackal!
The jackal misses you.
A jackal comes into view.
Aim: a jackal The magic dart hits the jackal.
The jackal barks!
The jackal bites you.
* * * LOW HITPOINT WARNING * * *
The dart slug bites you.
* * * LOW HITPOINT WARNING * * *
You hit the dart slug.
The jackal bites you but does no damage.
The jackal bites you.
You die...

..# #.# #### #.# #.# ..#
#.# #.# #.# # #.#
#.####.###.##.#
######.###.##....†..r.g.
..............#.g#..##.
######...#.#####r# ## ##
###.#.# #h#.# .# #.#.#
#@wg# '# #.#.# ###..# .#
#.... ..... +########..#
##.#. .......# ... #
######.# )# ....#..#
####.#.# ....##.#


You could see a dart slug, a jackal, a hobgoblin, a goblin and a rat.

Vanquished Creatures
  A leopard gecko (D:1)
  5 bats (D:1)
  A giant cockroach (D:1)
  4 goblins (D:1)
  2 hobgoblins (D:1)
  A jackal (D:1)
  A frilled lizard (D:1)
15 creatures vanquished.

Notes
Turn   | Place    | Note
-------+----------+-------------------------------------------
     0 | D:1      | Reached skill level 9 in Spellcasting
     0 | D:1      | vurker the Gnoll Wanderer began the quest for the Orb.
     0 | D:1      | vurker set off with the following items: a +0 club, a
                  | potion of lignification {!q}, a potion of curing {@q1}, a
                  | +0 robe, a ration {!d}; and the following spell memorised:
                  | Magic Dart; and the following spells available to memorise:
                  | Blink, Call Imp, Slow, Mephitic Cloud, Conjure Flame
     0 | D:1      | Reached XP level 1. HP: 13/13 MP: 10/10
   201 | D:1      | Reached XP level 2. HP: 19/19 MP: 6/12
   370 | D:1      | Slain by a jackal

Levels and vault maps discovered:
D:1:      matt_arrival_los_fun, layout_rooms

Skill      XL: | |
---------------+-+-----
Spellcasting   | |  9.2
Fighting       | |  0.5
Short Blades   | |  0.5
Long Blades    | |  0.5
Axes           | |  0.5
Maces & Flails | |  0.5
Polearms       | |  0.5
Staves         | |  0.5
Slings         | |  0.5
Bows           | |  0.5
Crossbows      | |  0.5
Throwing       | |  0.5
Armour         | |  0.5
Dodging        | |  0.5
Stealth        | |  2.3
Shields        | |  0.5
Unarmed Combat | |  0.5
Conjurations   | |  0.3
Hexes          | |  0.3
Charms         | |  0.3
Summonings     | |  0.3
Necromancy     | |  0.3
Translocations | |  3.7
Transmutations | |  0.3
Fire Magic     | |  0.3
Ice Magic      | |  0.3
Air Magic      | |  3.7
Earth Magic    | |  0.3
Poison Magic   | |  0.3
Invocations    | |  0.6
Evocations     | |  2.5

Action                   || total
-------------------------++-------
Melee: Dagger            ||    14
 Cast: Magic Dart        ||    33
 Stab: Sleeping          ||     1
Armor: Robe              ||    13
Dodge: Dodged            ||    21

Table legend:
 A = Non-vault XP
 B = Vault XP
 C = Vault XP percentage of total XP
 D = Non-vault monster count
 E = Vault monster count
 F = Vault count percentage of total count
                 A         B        C        D         E       F
            +---------+---------+-------+---------+---------+-------
      Total |      29 |       0 |   0.0 |      15 |       0 |   0.0
            +---------+---------+-------+---------+---------+-------
        D:1 |      29 |       0 |   0.0 |      15 |       0 |   0.0
            +---------+---------+-------+---------+---------+-------
